 Dungeon Crawl Stone Soup version 0.18.1-6-gd335043 (webtiles) character file.

143 mopl the Poker (level 5, 0/38 HPs)
             Began as a Merfolk Skald on May 19, 2016.
             Shot with an arrow by a centaur (13 damage)
             ... on level 6 of the Dungeon.
             The game lasted 00:04:02 (2081 turns).

mopl the Poker (Merfolk Skald)                      Turns: 2081, Time: 00:04:03

Health: 0/38       AC:  7    Str: 12    XL:     5   Next: 25%
Magic:  8/8        EV: 11    Int: 12    God:
Gold:   83         SH:  0    Dex: 14    Spells: 3 memorised, 2 levels left

rFire  . . .     SeeInvis .     a - +0 spear
rCold  . . .     Gourm    .     l - +0 leather armour (curse)
rNeg   . . .     Faith    .     (no shield)
rPois  .         Spirit   .     (no helmet)
rElec  .         Dismiss  .     t - +2 cloak
rCorr  .         Reflect  .     s - +0 pair of gloves
SustAt .         Harm     .     (no boots)
MR     .....                    (no amulet)
Stlth  +.........               (no ring)
                                f - ring of wizardry

@: not resistant to hostile enchantments, very unstealthy
A: change form in water, swift swim
a: no special abilities


You were on level 6 of the Dungeon.
You were not hungry.

You visited 1 branch of the dungeon, and saw 4 of its levels.

You collected 83 gold pieces.

Inventory:

Hand Weapons
 a - a +0 spear (weapon)
Missiles
 j - 8 tomahawks (quivered)
 u - 13 poisoned needles
Armour
 l - a cursed +0 leather armour (worn)
 s - a +0 pair of gloves (worn)
 t - a +2 cloak (worn)
Jewellery
 f - a ring of wizardry (left hand)
Scrolls
 b - a scroll of recharging {unknown}
 h - a scroll of noise {unknown}
 i - 2 scrolls of amnesia {unknown}
 n - a scroll of enchant armour
 o - a scroll of remove curse {unknown}
 p - a scroll of random uselessness {unknown}
 r - a scroll of immolation {unknown}
Potions
 e - 2 potions of agility
 g - 2 potions of ambrosia
 k - a potion of heal wounds
 m - a potion of brilliance {unknown}
Books
 c - a book of Battle

   Spells                             Type                      Level
   a - Infusion                       Charms                       1
   b - Shroud of Golubria             Charms/Translocation         2
   c - Song of Slaying                Charms                       2
   d - Spectral Weapon                Hexes/Charms                 3
   e - Regeneration                   Charms/Necromancy            3
Comestibles
 d - 3 bread rations
 q - 2 chunks of flesh


   Skills:
 - Level 2.1 Fighting
 * Level 7.7 Polearms
 - Level 0.6 Armour
 - Level 1.3 Dodging
 - Level 2.0 Spellcasting
 - Level 3.2 Charms


You had 2 spell levels left.
You knew the following spells:

 Your Spells              Type           Power        Failure   Level  Hunger
a - Infusion              Chrm           #...         4%          1    ##.....
f - Shroud of Golubria    Chrm/Tloc      #.........   12%         2    ###....
r - Regeneration          Chrm/Necr      #.........   28%         3    ####...


Dungeon Overview and Level Annotations

Branches:
Dungeon (3/15)

Altars:
Makhleb
Nemelex Xobeh
Xom
Zin

Annotations:
D:6 Blork the orc


Message History

The shadow imp gestures at you.
You barely resist. The shadow imp puffs mist at you.
The shadow imp hits you but does no damage.
The shadow imp gestures at you. Pain shoots through your body!
A worker ant comes into view.
The worker ant twitches its antennae in your direction.
The orc hits you but does no damage. The shadow imp misses you.
The shadow imp hits you.
Blork the orc miscasts a cantrip.
Found a scroll of identify.
Found 21 gold pieces.
A centaur comes into view.
The centaur shouts!
A centaur skeleton comes into view.
The centaur hits you!
The centaur hits you but does no damage.
The centaur wields a shortbow.
The centaur shoots an arrow.
The arrow hits you!
You die...

#.# #.# #...$.$ #.#
..#.#.# #.# .......
####.## ..#.#.#.
.....# .......
######..####..#?#.#
#....@.oo.Z........
#.####Zc###5...#.#
#..# #.####.####
#...##.Z.Z5....#
....######...#.##
#.#..##..a........
#.#####..##Z..#..#
.. #.. ##.##..# ...
#.. #o##..#


You could see a centaur, a shadow imp, 2 orcs, an adder skeleton and a centaur
skeleton.

Vanquished Creatures
  2 hounds
  Jessica (D:2)
  A gnoll (D:2)
  An adder (D:2)
  An ooze (D:2)
  A worm (D:2)
  2 dart slugs
  2 giant geckos
  2 goblins (D:2)
  4 hobgoblins
  5 jackals (D:2)
  A kobold (D:1)
  2 rats
25 creatures vanquished.

Notes
Turn   | Place    | Note
--------------------------------------------------------------
     0 | D:1      | mopl the Merfolk Skald began the quest for the Orb.
     0 | D:1      | Reached XP level 1. HP: 16/16 MP: 3/3
   300 | D:1      | Reached skill level 4 in Polearms
   300 | D:1      | Reached XP level 2. HP: 10/22 MP: 0/5
   317 | D:1      | Learned a level 2 spell: Shroud of Golubria
   744 | D:2      | Found a shimmering altar of Xom.
   806 | D:2      | Reached skill level 5 in Polearms
   806 | D:2      | Reached XP level 3. HP: 10/27 MP: 0/6
  1023 | D:2      | Learned a level 3 spell: Regeneration
  1119 | D:2      | Noticed Jessica
  1150 | D:2      | Killed Jessica
  1150 | D:2      | Reached skill level 6 in Polearms
  1259 | D:2      | Found a burning altar of Makhleb.
  1262 | D:2      | Found a glowing silver altar of Zin.
  1262 | D:2      | Noticed an angel
  1263 | D:2      | Noticed an Executioner
  1289 | D:2      | Reached XP level 4. HP: 26/33 MP: 0/7
  1448 | D:2      | Found a sparkling altar of Nemelex Xobeh.
  1675 | D:2      | Reached skill level 7 in Polearms
  1765 | D:2      | Found a burning altar of Makhleb.
  1928 | D:3      | You fall through a shaft for 3 floors!
  1959 | D:6      | Reached XP level 5. HP: 14/38 MP: 0/8
  1981 | D:6      | Noticed Blork the orc
  2028 | D:6      | Noticed an orc warrior
  2078 | D:6      | Noticed a centaur
  2081 | D:6      | Shot with an arrow by a centaur

Skill      XL: |  1  2  3  4 |
---------------+-------------+-----
Polearms       | 4 5 6 7 |  7.7
Fighting       | |  2.1
Armour         | |  0.6
Dodging        | |  1.3
Spellcasting   | |  2.0
Charms         | |  3.2

Action                   |  1- 3 |  4- 6 || total
-------------------------+-------+-------++-------
Melee: Spear             |    85 |    61 ||   146
 Cast: Infusion          |     6 |     4 ||    10
       Shroud of Golubri |     1 |     3 ||     4
       Regeneration      |     1 |       ||     1
  Use: Scroll            |     3 |     1 ||     4
  Eat: Chunk             |     2 |     3 ||     5
Armor: Leather armour    |    11 |    19 ||    30
Dodge: Dodged            |    37 |    22 ||    59
